AoeStats
← moobchunks

Black Forest

509527580Analyzed
4v4 RM · 6d ago on Sep 27, 2026· 46m 53s· 8 players
Game mode
Random Map
Map size
Large (8 player)
Population
200
Speed
Normal
Resources
Standard
Victory
Conquest
Starting age
Dark Age
Ending age
Imperial Age
RankedLock teamsTeams togetherTeam positionsShared explorationLock speedFull tech treeHidden civsTurbo modeCheats
Victory
Defeat
🇲🇽 Persians · Mexico
844
+15
🇨🇦 Celts · Canada
826
+15
🇺🇸 Danes · United States
769
+18
🇺🇸 Franks · United States
752
+18
🇮🇳 Byzantines · India
855
-18
🇨🇦 Varangians · Canada
841
-18
🇦🇺 Bohemians · Australia
797
-16
🇭🇰 Goths · Hong Kong SAR China
757
-14
songshu512
13:25 Feudal Age
14:20 Horse Collar
14:33 Double-Bit Axe
16:33 Stone Mining
19:06 Wheelbarrow
20:43 Castle Age
19:17 Gold Mining
20:31 Forging
21:28 Scale Mail Armor
24:26 Squires
23:48 Pikeman
25:09 Iron Casting
24:50 Chain Mail Armor
25:44 Bow Saw
25:37 Heavy Plow
26:29 Anarchy
35:01 Stone Shaft Mining
Bulldog
0:30 Loom
11:15 Feudal Age
12:31 Double-Bit Axe
15:36 Castle Age
18:05 Fletching
John
10:40 Loom
12:52 Feudal Age
14:46 Double-Bit Axe
15:08 Fishing Lines
20:20 Castle Age
19:46 Gold Mining
22:09 Bloodlines
22:00 Husbandry
25:39 Wheelbarrow
24:47 Horse Collar
27:45 Hand Cart
30:16 Caravan
30:13 Gambesons
30:29 Squires
30:32 Gillnets
34:59 Imperial Age
34:47 Forging
34:37 Scale Mail Armor
34:43 Scale Barding Armor
34:39 Padded Archer Armor
34:29 Fletching
36:12 Conscription
36:44 Iron Casting
36:24 Chain Mail Armor
36:34 Cranequins
38:33 Fervor
39:32 Cavalier
40:51 Chain Mail Armor
40:32 Bodkin Arrow
40:38 Vendel Legacy
OmiOfSilver
16:58 Feudal Age
21:12 Arson
21:00 Man-at-Arms
37:17 Castle Age
35:08 Double-Bit Axe
35:12 Horse Collar
44:26 Forging
moobchunks
11:55 Feudal Age
10:11 Loom
12:25 Arson
13:13 Man-at-Arms
14:54 Wheelbarrow
14:24 Double-Bit Axe
16:12 Town Watch
16:52 Horse Collar
17:41 Gold Mining
23:15 Castle Age
22:01 Forging
23:43 Scale Mail Armor
23:34 Fletching
23:41 Long Swordsman
24:06 Gambesons
24:47 Heavy Plow
25:56 Squires
25:41 Gambesons
30:52 Sanctity
31:49 Elite Skirmisher
32:28 Bodkin Arrow
32:34 Padded Archer Armor
34:52 Iron Casting
34:32 Chain Mail Armor
37:31 Fervor
37:41 Sanctity
37:43 Chain Mail Armor
37:44 Leather Archer Armor
39:43 Stone Mining
40:29 Gold Shaft Mining
42:39 Hamask
TheTravelingGinger
11:28 Feudal Age
11:59 Double-Bit Axe
13:07 Wheelbarrow
22:15 Castle Age
22:42 Gold Mining
22:43 Stone Mining
23:08 Scale Barding Armor
23:27 Hand Cart
22:40 Light Cavalry
23:25 Husbandry
24:39 Bow Saw
26:47 Gold Shaft Mining
31:51 Chain Barding Armor
31:16 Treadmill Crane
35:23 Imperial Age
38:51 Plate Barding Armor
38:06 Cavalier
39:30 Paladin
40:30 Caravan
46:27 Conscription
46:09 Chivalry
sensticks
3:15 Loom
10:49 Feudal Age
11:20 Double-Bit Axe
12:45 Wheelbarrow
18:32 Castle Age
21:48 Bow Saw
22:07 Fishing Lines
24:26 Horse Collar
28:50 Imperial Age
29:05 Gold Mining
31:54 Pikeman
32:16 Heavy Scorpion
33:29 Siege Engineers
33:46 Caravan
34:37 Onager
34:42 Man-at-Arms
35:07 Gambesons
38:57 Furor Celtica
38:43 Long Swordsman
39:35 Forging
39:25 Scale Mail Armor
41:47 Siege Onager
42:15 Two-Handed Swordsman
42:59 Halberdier
Rompe--Anos
0:56 Loom
14:23 Feudal Age
18:14 Castle Age
16:10 Double-Bit Axe
16:47 Horse Collar
21:39 Bow Saw
23:13 Heavy Plow
30:24 Gold Mining
30:29 Stone Mining
31:16 Wheelbarrow
34:59 Imperial Age
34:07 Gold Shaft Mining
34:13 Stone Shaft Mining
34:08 Hand Cart
35:09 Thumb Ring
34:26 Crossbowman
35:21 Scale Barding Armor
35:26 Forging
37:10 Crop Rotation
37:48 Two-Man Saw
38:52 Cavalier
39:45 Bloodlines
39:38 Husbandry
40:04 Chain Barding Armor
40:20 Iron Casting
40:35 Conscription
41:52 Plate Barding Armor
41:54 Savar
43:51 Blast Furnace
Connection lost

Rejoining the realm…

Still unreachable

The connection could not be restored.

Session expired

The server has moved on; the page needs a fresh start.